 Dungeon Crawl Stone Soup version 0.21.1-1-g345015fe64 (webtiles) character file.

378 Oravi the Insei (level 6, -3/43 HPs)
             Began as a Merfolk Transmuter on Apr 18, 2018.
             Was an Initiate of Qazlal.
             Slain by a mummy (7 damage)
             ... in an ossuary.
             The game lasted 00:10:38 (3154 turns).

Oravi the Insei (Merfolk Transmuter)                Turns: 3154, Time: 00:10:38

Health: -3/43      AC:  2    Str: 10    XL:     6   Next: 74%
Magic:  7/9        EV: 22    Int: 15    God:    Qazlal [......]
Gold:   131        SH:  0    Dex: 19    Spells: 3/9 levels left

rFire    . . .     SeeInvis .     - Unarmed
rCold    . . .     Gourm    .   (shield currently unavailable)
rNeg     . . .     Faith    .   (armour currently unavailable)
rPois    x         Spirit   .   (helmet currently unavailable)
rElec    .         Reflect  .   (cloak currently unavailable)
rCorr    .         Harm     .   (gloves currently unavailable)
MR       .....     Rnd*Tele +   (boots currently unavailable)
Stlth    ++........             (no amulet)
HPRegen  0.14/turn              e - ring of teleportation
MPRegen  0.11/turn              (no ring)

@: spider-form
A: tiny, (change form in water), (swift swim), (stealthy swim)
a: End Transformation, Renounce Religion


You were in an ossuary.
You worshipped Qazlal.
Qazlal was noncommittal.
You were hungry.
You were a venomous arachnid creature.
You visited 1 branch of the dungeon, and saw 4 of its levels.
You also visited: Ossuary.

You collected 131 gold pieces.

Inventory:

Missiles
 a - 88 arrows
Armour
 j - a +1 robe of cold resistance (melded)
Jewellery
 b - a cursed amulet of inaccuracy
 e - a ring of teleportation (left front leg)
Scrolls
 h - 2 scrolls of magic mapping
 m - 2 scrolls of noise
Potions
 i - 3 potions of might {unknown}
 l - a potion of ambrosia {unknown}
 n - 2 potions of brilliance {unknown}
Books
 c - a book of Changes

   Spells                             Type                      Level
   a - Beastly Appendage              Transmutation                1
   b - Sticks to Snakes               Transmutation                2
   c - Spider Form                    Transmutation/Poison         3
   d - Ice Form                       Ice/Transmutation            4
   e - Blade Hands                    Transmutation                5
 p - a book of Necromancy

   Spells                             Type                      Level
   a - Pain                           Necromancy                   1
   b - Animate Skeleton               Necromancy                   1
   c - Vampiric Draining              Necromancy                   3
   d - Regeneration                   Charms/Necromancy            3
   e - Animate Dead                   Necromancy                   4
   f - Borgnjor's Vile Clutch         Necromancy/Earth             5
Comestibles
 d - 5 rations


   Skills:
 + Level 1.5 Fighting
 + Level 3.9 Dodging
 + Level 5.5 Unarmed Combat
 - Level 2.0 Spellcasting
 * Level 5.2 Transmutations
 * Level 3.0 Poison Magic


You had 3 spell levels left.
You knew the following spells:

 Your Spells              Type           Power        Failure   Level  Hunger
a - Beastly Appendage     Tmut           ###...       10%         1    #......
b - Sticks to Snakes      Tmut           ###.....     12%         2    ###....
c - Spider Form           Tmut/Pois      ##........   28%         3    ###....


Dungeon Overview and Level Annotations

Branches:
Dungeon (4/15)
 Temple: D:4-7

Altars:
Qazlal
Trog
Vehumet

Annotations:
Ossuary Menkaure


Message History

* * * LOW HITPOINT WARNING * * *
The centaur zombie completely misses you.
The centaur zombie hits you.
* * * LOW HITPOINT WARNING * * *
You bite Menkaure!
Menkaure is moderately damaged.
The centaur zombie hits you.
* * * LOW HITPOINT WARNING * * *
The centaur zombie closely misses you. Menkaure barely misses you.
A centaur zombie comes into view.
You hit Menkaure.
Menkaure is heavily damaged.
The centaur zombie misses you.
The centaur zombie completely misses you.
Menkaure closely misses you. The centaur zombie misses you.
You bite Menkaure!
Menkaure is severely damaged.
The centaur zombie hits you but does no damage.
The mummy hits you!
You die...

#######+###
#....#....#
....#....#
...#....# .
.......# ..
####.M....#..+
#...sM........
+...ZMZ.......
#...MMZ..?!?..
#....Z..?!$!?.
######..?$∩$?.
...??$!!.
....???..
..........
..........


You could see Menkaure, 4 mummies, 3 centaur zombies and an ogre zombie.

Vanquished Creatures
  An elf zombie (Ossuary)
  A howler monkey (D:4)
  2 orc wizards (D:2)
  A worker ant (D:4)
  2 mummies (Ossuary)
  4 adders
  2 gnolls (D:2)
  An adder skeleton (D:4)
  3 dart slugs
  5 leopard geckos
  9 orcs
  6 giant cockroaches
  7 hobgoblins
  A ball python (D:3)
  14 bats
  7 frilled lizards
  9 goblins
  A goblin zombie (Ossuary)
  2 hobgoblin zombies (Ossuary)
  4 kobolds
  2 kobold zombies (Ossuary)
  8 rats
  A rat zombie (Ossuary)
93 creatures vanquished.

Notes
Turn   | Place    | Note
-------+----------+-------------------------------------------
     0 | D:1      | Oravi the Merfolk Transmuter began the quest for the Orb.
     0 | D:1      | Reached XP level 1. HP: 15/15 MP: 3/3
   255 | D:1      | Reached XP level 2. HP: 20/21 MP: 3/5
   469 | D:1      | Reached XP level 3. HP: 23/26 MP: 4/6
   587 | D:1      | Learned a level 2 spell: Sticks to Snakes
   591 | D:1      | Learned a level 3 spell: Spider Form
  1168 | D:2      | Reached XP level 4. HP: 32/32 MP: 2/7
  1364 | D:2      | Reached skill level 1 in Poison Magic
  1806 | D:2      | Reached XP level 5. HP: 37/37 MP: 3/8
  2419 | D:3      | Found a bloodstained altar of Trog.
  2421 | D:3      | Found a radiant altar of Vehumet.
  2422 | D:3      | Found a stormy altar of Qazlal.
  2432 | D:3      | Became a worshipper of Qazlal Stormbringer
  2713 | D:4      | Reached skill level 5 in Unarmed Combat
  2713 | D:4      | Reached XP level 6. HP: 43/43 MP: 6/9
  2807 | D:4      | Found a sand-covered staircase.
  2814 | Ossuary  | Entered an ossuary
  3024 | Ossuary  | Reached skill level 5 in Transmutations
  3144 | Ossuary  | Noticed Menkaure
  3154 | Ossuary  | Slain by a mummy

Skill      XL: |  1  2  3  4  5  6 |
---------------+-------------------+-----
Transmutations | 3 4 5 |  5.2
Unarmed Combat | 4 5 |  5.5
Dodging        | 3 |  3.9
Poison Magic   | 1 2 3 |  3.0
Fighting       | |  1.5
Spellcasting   | |  2.0

Action                   |  1- 3 |  4- 6 || total
-------------------------+-------+-------++-------
Melee: Unarmed           |   104 |   152 ||   256
       Headbutt          |     4 |       ||     4
       Punch             |     2 |       ||     2
 Cast: Beastly Appendage |    11 |       ||    11
       Spider Form       |     9 |    26 ||    35
  Use: Potion            |     1 |     1 ||     2
       Scroll            |       |     5 ||     5
 Stab: Sleeping          |     3 |     1 ||     4
  Eat: Chunk             |     3 |     9 ||    12
Armor: Robe              |    20 |     5 ||    25
       Skin              |     4 |    12 ||    16
Dodge: Dodged            |    65 |   184 ||   249
